AoeStats
← Dartagnan

Arabia

510083881Analyzed
1v1 RM · 3d ago on Sep 29, 2026· 32m 13s· 2 players
Game mode
Random Map
Map size
Tiny (2 player)
Population
200
Speed
Normal
Resources
Standard
Victory
Conquest
Starting age
Dark Age
Ending age
Imperial Age
RankedLock teamsTeams togetherTeam positionsShared explorationLock speedFull tech treeHidden civsTurbo modeCheats
Victory
Defeat
🇫🇷 Vietnamese · France
753
+18
🇸🇪 Danes · Sweden
804
-18
Arkbrik
4:01 Loom
11:40 Feudal Age
11:47 Man-at-Arms
12:52 Horse Collar
13:10 Arson
16:01 Forging
15:52 Scale Mail Armor
16:19 Double-Bit Axe
21:49 Castle Age
21:44 Fletching
21:55 Padded Archer Armor
22:05 Gold Mining
Dartagnan
7:34 Loom
10:16 Feudal Age
10:42 Double-Bit Axe
21:35 Castle Age
20:46 Fletching
23:01 Wheelbarrow
22:49 Bow Saw
22:42 Padded Archer Armor
22:05 Crossbowman
23:07 Bodkin Arrow
25:38 Town Watch
27:12 Scale Barding Armor
Connection lost

Rejoining the realm…

Still unreachable

The connection could not be restored.

Session expired

The server has moved on; the page needs a fresh start.